 Dungeon Crawl Stone Soup version 0.30.0-20-g3615ddf2f0 (webtiles) character file.

Game seed: 15581593190869874473

1202 qw the Chopper (level 8, 0/49 HPs)
             Began as a Gargoyle Fighter on May 29, 2023.
             Slain by an orc warrior
             ... wielding a +0 war axe
              (6 damage)
             ... on level 6 of the Dungeon.
             The game lasted 00:02:06 (4530 turns).

qw the Chopper (Gargoyle Fighter)                   Turns: 4530, Time: 00:02:07

Health: 0/49       AC: 10    Str: 23    XL:     8   Next: 44%
Magic:  8/8        EV: 12    Int:  8    God:
Gold:   355        SH:  9    Dex:  9    Spells: 7/7 levels left

rFire   . . .        p - +0 war axe (spect)
rCold   . . .        b - +0 kite shield
rNeg    + . .        e - +0 chain mail
rPois   inf          (no helmet)
rElec   +            (no cloak)
rCorr   .            (no gloves)
SInv    .            (no boots)
Will    .....        (no amulet) Stlth
                     j - ring of protection from fire
HPRegen 0.28/turn    n - +5 ring of evasion
MPRegen 0.11/turn

%: no passive effects
@: about to teleport, corroded
A: sickness immunity, AC +5, negative energy resistance 1, electricity
resistance, torment resistance 1, petrification resistance, heat vulnerability 1
a: no special abilities


You were on level 6 of the Dungeon.
You visited 1 branch of the dungeon, and saw 6 of its levels.

You collected 355 gold pieces.


Innate Abilities, Weirdness & Mutations

You are immune to sickness and miasma.
Your stone body is resilient. (AC +5)
You are immune to poison.
You resist negative energy. (rN+)
You are resistant to electric shocks. (rElec)
You are resistant to unholy torment.
You are immune to petrification.
You are vulnerable to heat. (rF-)


   Skills:
 - Level 5.1 Fighting
 - Level 7.0 Axes
 - Level 3.2 Armour
 - Level 1.0 Dodging
 + Level 6.5 Shields


You had 7 spell levels left.
You didn't know any spells.
Your spell library was empty.

Inventory:

Hand Weapons
 h - a +0 morningstar
 p - a +0 spectral war axe (weapon)
Armour
 b - a +0 kite shield (worn)
 e - a +0 chain mail (worn)
Jewellery
 j - a ring of protection from fire (left hand)
 l - a ring of positive energy
 n - a +5 ring of evasion (right hand)
Scrolls
 a - a scroll of identify
 k - 2 scrolls of teleportation
Potions
 c - a potion of cancellation {unknown}
 d - 3 potions of might
 g - a potion of attraction
 i - 2 potions of curing
 m - a potion of degeneration {unknown}
 o - 3 potions of mutation
 q - a potion of berserk rage {unknown}
 r - a potion of invisibility {unknown}

Dungeon Overview and Level Annotations

Branches:
Dungeon (6/15)
 Temple: D:4-7

Altars:
Elyvilon


Message History

The orc warrior hits your +0 spectral war axe with a +0 war axe!
Your spectral weapon shares its damage with you!
The jelly completely misses you. You block the orc's attack.
You slash the jelly!
Your hands burn!
The jelly is heavily wounded.
You slash the orc warrior!
Your +0 spectral war axe misses the orc warrior.
The orc warrior zaps a wand.
Some rock shatters into small pieces.
The jelly closely misses you. The orc barely misses you.
The orc hits you with a +0 club. The orc hits you but does no damage.
The jelly hits you. The acid corrodes you!
You are splashed with acid.
You hit the jelly.
Your hands burn!
The jelly is almost dead.
You closely miss the orc.
You hit the orc warrior but do no damage.
Your +0 spectral war axe hits the jelly!
You kill the jelly!
Your +0 spectral war axe closely misses the orc warrior. x2
Your +0 spectral war axe barely misses the orc.
Your +0 spectral war axe barely misses the orc warrior.
The orc hits you with a +0 club.
The orc warrior hits you with a +0 war axe.
The orc warrior hits your +0 spectral war axe with a +0 war axe!
Your spectral weapon shares its damage with you!
You block the orc's attack.
4529 ||| READING 3 scrolls of teleportation.
As you read the scroll of teleportation, it crumbles to dust.
You feel strangely unstable.
Your +0 spectral war axe disappears.
The orc hits you but does no damage.
The orc warrior hits you but does no damage.
The orc barely misses you.
You hit the orc warrior.
The orc warrior is moderately wounded.
You slash the orc!
You kill the orc!
Your +0 spectral war axe hits the orc warrior.
Your +0 spectral war axe hits the orc.
The orc warrior hits you with a +0 war axe.
You die...

..................
.............##....
#...........## #...
#.....#..#### ###
........#####
####..........###### #
#..................#
....#.).......##########
.....oo@......#
.....#(.......#
.......#..###.# .
...##o))# #.# #.#..J....
#.# .. ####.#...#.. .
......... ######.#.#. ..


You could see an orc warrior, an orc and a friendly +0 spectral war axe.

Vanquished Creatures
  An orc warrior (D:6)
  An ogre (D:4)
  A centaur (D:5)
  A phantom (D:5)
  A bullfrog (D:6)
  A gnoll sergeant (D:5)
  3 wights (D:5)
  3 killer bees (D:5)
  A jelly (D:6)
  2 orc priests
  A gnoll bouda (D:5)
  A sleepcap (D:4)
  3 iguanas
  3 orc wizards
  6 gnolls
  2 worms (D:3)
  25 orcs
  5 ball pythons
  7 endoplasms
  2 giant cockroaches
  5 goblins
  5 hobgoblins
  5 kobolds
  A quokka (D:1)
  10 bats
  5 frilled lizards
  A rat (D:1)
102 creatures vanquished.

Vanquished Creatures (others)
  A spectral weapon (D:5)
1 creature vanquished.

Grand Total: 103 creatures vanquished

Notes
Turn   | Place    | Note
-------+----------+-------------------------------------------
     0 | D:1      | qw the Gargoyle Fighter began the quest for the Orb.
     0 | D:1      | Reached XP level 1. HP: 14/14 MP: 1/1
     0 | D:1      | 0 ||| qw: Version: 0.2-a-101-gf424e7f
     0 | D:1      | 0 ||| qw: Game counter: 357
     0 | D:1      | 0 ||| qw: Always use a shield: true
     0 | D:1      | 0 ||| qw: God list: Okawaru
     0 | D:1      | 0 ||| qw: Allow faded altars: false
     0 | D:1      | 0 ||| qw: Do Orc after D:15 true
     0 | D:1      | 0 ||| qw: Do second Lair branch before Depths: true
     0 | D:1      | 0 ||| qw: Lair rune preference: random
     0 | D:1      | 0 ||| qw: Plans: Normal, Zot:1-4, Slime:5, God:TSO, Crypt,
                  | Tomb, Pan, Hells, Abyss, Win
     0 | D:1      | 0 ||| PLANNING D:1-11
   102 | D:1      | Reached skill level 2 in Axes
   109 | D:1      | 109 ||| Stepping ~*~*~tactically~*~*~ (hiding).
   111 | D:1      | 111 ||| Stepping ~*~*~tactically~*~*~ (hiding).
   113 | D:1      | 113 ||| Stepping ~*~*~tactically~*~*~ (hiding).
   153 | D:1      | Found a faded altar of an unknown god.
   231 | D:1      | Reached XP level 2. HP: 19/19 MP: 2/2
   280 | D:1      | 280 ||| Stepping ~*~*~tactically~*~*~ (stealth).
   619 | D:1      | Reached skill level 3 in Axes
   688 | D:1      | Reached XP level 3. HP: 23/23 MP: 3/3
   765 | D:1      | 765 ||| READING 2 scrolls labelled ZAIDIF NOAKHO.
  1021 | D:2      | 1021 ||| Stepping ~*~*~tactically~*~*~ (stealth).
  1022 | D:2      | 1022 ||| Stepping ~*~*~tactically~*~*~ (stealth).
  1023 | D:2      | 1023 ||| Stepping ~*~*~tactically~*~*~ (stealth).
  1024 | D:2      | 1024 ||| Stepping ~*~*~tactically~*~*~ (stealth).
  1399 | D:2      | 1399 ||| DROPPING +0 whip.
  1433 | D:2      | 1433 ||| UPGRADING to ring of protection from fire.
  1434 | D:2      | 1434 ||| READING scroll labelled VESHRA EFALEGG.
  1435 | D:2      | 1435 ||| READING 3 scrolls labelled NUF MIC IMN.
  1439 | D:2      | 1439 ||| READING 3 scrolls of identify.
  1439 | D:2      | 1439 ||| IDENTIFYING black potion
  1440 | D:2      | 1440 ||| READING 2 scrolls of identify.
  1440 | D:2      | 1440 ||| IDENTIFYING gluggy blue potion
  1565 | D:3      | 1565 ||| Stepping ~*~*~tactically~*~*~ (hiding).
  1570 | D:3      | Reached XP level 4. HP: 22/28 MP: 4/4
  1580 | D:3      | Reached skill level 4 in Axes
  1584 | D:3      | 1584 ||| Stepping ~*~*~tactically~*~*~ (stealth).
  1663 | D:3      | 1663 ||| Stepping ~*~*~tactically~*~*~ (stealth).
  1665 | D:3      | 1665 ||| Stepping ~*~*~tactically~*~*~ (stealth).
  1812 | D:3      | 1812 ||| FLEEEEING.
  1813 | D:3      | 1813 ||| FLEEEEING.
  1817 | D:3      | 1817 ||| FLEEEEING.
  1818 | D:3      | 1818 ||| FLEEEEING.
  1819 | D:3      | 1819 ||| FLEEEEING.
  1820 | D:3      | 1820 ||| FLEEEEING.
  1821 | D:3      | 1821 ||| FLEEEEING.
  1822 | D:3      | 1822 ||| FLEEEEING.
  1845 | D:3      | 1845 ||| Stepping ~*~*~tactically~*~*~ (stealth).
  1846 | D:3      | 1846 ||| Stepping ~*~*~tactically~*~*~ (stealth).
  1847 | D:3      | 1847 ||| Stepping ~*~*~tactically~*~*~ (stealth).
  1848 | D:3      | 1848 ||| Stepping ~*~*~tactically~*~*~ (stealth).
  1851 | D:3      | 1851 ||| Stepping ~*~*~tactically~*~*~ (stealth).
  1852 | D:3      | 1852 ||| Stepping ~*~*~tactically~*~*~ (stealth).
  1853 | D:3      | 1853 ||| Stepping ~*~*~tactically~*~*~ (stealth).
  1854 | D:3      | 1854 ||| Stepping ~*~*~tactically~*~*~ (stealth).
  1856 | D:3      | 1856 ||| Stepping ~*~*~tactically~*~*~ (hiding).
  1857 | D:3      | 1857 ||| Stepping ~*~*~tactically~*~*~ (hiding).
  1994 | D:3      | 1994 ||| Stepping ~*~*~tactically~*~*~ (hiding).
  2011 | D:3      | Reached XP level 5. HP: 27/32 MP: 5/5
  2371 | D:3      | 2371 ||| UPGRADING to +5 ring of evasion.
  2372 | D:3      | 2372 ||| READING scroll labelled HOAXUC ODDUCH.
  2373 | D:3      | 2373 ||| Stepping ~*~*~tactically~*~*~ (stealth).
  2374 | D:3      | 2374 ||| READING 2 scrolls labelled NUKUUX IGUCRIU.
  2375 | D:3      | 2375 ||| READING scroll labelled BERGHU PAZU.
  2376 | D:3      | 2376 ||| DRINKING 3 green potions.
  2377 | D:3      | 2377 ||| DROPPING scroll of noise.
  2413 | D:4      | Reached skill level 5 in Axes
  2417 | D:4      | 2417 ||| FLEEEEING.
  2418 | D:4      | 2418 ||| FLEEEEING.
  2420 | D:4      | 2420 ||| STAIRDANCE
  2451 | D:3      | 2451 ||| UPGRADING to +0 chain mail.
  2461 | D:3      | 2461 ||| DROPPING +0 scale mail.
  2473 | D:4      | 2473 ||| DROPPING +0 flail.
  2532 | D:4      | Reached XP level 6. HP: 31/38 MP: 6/6
  2585 | D:4      | HP: 8/38 [ogre/+0 giant club (7)]
  2586 | D:4      | 2586 ||| READING 3 scrolls of teleportation.
  2587 | D:4      | 2587 ||| DRINKING potion of heal wounds.
  2658 | D:4      | 2658 ||| FLEEEEING.
  2659 | D:4      | 2659 ||| FLEEEEING.
  2660 | D:4      | 2660 ||| FLEEEEING.
  2661 | D:4      | 2661 ||| FLEEEEING.
  2662 | D:4      | 2662 ||| Stepping ~*~*~tactically~*~*~ (stealth).
  2813 | D:4      | Found a white marble altar of Elyvilon.
  3026 | D:4      | 3026 ||| UPGRADING to +0 kite shield.
  3036 | D:4      | 3036 ||| DROPPING +0 buckler.
  3037 | D:4      | 3037 ||| READING scroll labelled QYERRA POACUL.
  3038 | D:4      | 3038 ||| READING scroll labelled ESTRAE JICO.
  3154 | D:5      | Entered Level 5 of the Dungeon
  3183 | D:5      | 3183 ||| Stepping ~*~*~tactically~*~*~ (hiding).
  3197 | D:5      | 3197 ||| Stepping ~*~*~tactically~*~*~ (stealth).
  3430 | D:5      | Reached XP level 7. HP: 28/43 MP: 7/7
  3433 | D:5      | Reached skill level 6 in Axes
  3610 | D:5      | Reached skill level 6 in Shields
  3749 | D:5      | Reached skill level 1 in Dodging
  3750 | D:5      | Reached XP level 8. HP: 42/48 MP: 8/8
  4449 | D:5      | 4449 ||| READING 2 scrolls labelled XAUJUJ VUOLE.
  4450 | D:5      | 4450 ||| READING scroll labelled GIREMU UFRODWA.
  4451 | D:5      | 4451 ||| DRINKING 4 murky coppery potions.
  4451 | D:5      | Gained mutation: You are vulnerable to heat. (rF-) [potion
                  | of mutation]
  4452 | D:5      | 4452 ||| DROPPING scroll of blinking.
  4494 | D:6      | Reached skill level 7 in Axes
  4507 | D:6      | 4507 ||| Stepping ~*~*~tactically~*~*~ (stealth).
  4521 | D:6      | 4521 ||| FLEEEEING.
  4528 | D:6      | HP: 11/49 [orc/+0 club (4)]
  4528 | D:6      | HP: 5/49 [orc warrior/+0 war axe (4)]
  4529 | D:6      | 4529 ||| READING 3 scrolls of teleportation.
  4530 | D:6      | Slain by an orc warrior

Levels and vault maps discovered:
D:1:      elethiomel_arrival_infinity_welcomes_careful_drivers,
          layout_loops_ring, ebering_ecumenical_altar_abandoned
D:2:      layout_basic
D:3:      layout_loops_ring
D:4:      layout_rooms, lemuel_crystal_altar
D:5:      layout_basic, nicolae_grassy_gnolls
D:6:      minmay_chambers_of_fours, layout_rooms,
          minmay_temple_entry_from_below_a, nicolae_fountain_basement

Skill      XL: |  1  2  3  4  5  6  7  8 |
---------------+-------------------------+-----
Axes           | 2 3 4 5 6 7 |  7.0
Fighting       | 4 5 |  5.1
Shields        | 4 6 |  6.5
Dodging        | 1 |  1.0
Armour         | |  3.2

Action                     |  1- 3 |  4- 6 |  7- 9 || total
---------------------------+-------+-------+-------++-------
  Melee: War axe           |   124 |   107 |    61 ||   292
    Use: Scroll            |     5 |     6 |     3 ||    14
         Potion            |       |     2 |     1 ||     3
   Stab: Distracted        |       |       |     2 ||     2
 Armour: Scale mail        |    74 |    24 |       ||    98
         Chain mail        |       |    13 |    20 ||    33
  Dodge: Dodged            |    72 |    37 |    39 ||   148
  Block: Buckler           |    20 |    12 |       ||    32
         Kite shield       |       |     5 |    25 ||    30

Table legend:
 A = Non-vault XP
 B = Vault XP
 C = Vault XP percentage of total XP
 D = Non-vault monster count
 E = Vault monster count
 F = Vault count percentage of total count
                 A         B        C        D         E       F
            +---------+---------+-------+---------+---------+-------
      Total |    1555 |     166 |   9.6 |      97 |       5 |   4.9
            +---------+---------+-------+---------+---------+-------
        D:1 |      35 |       0 |   0.0 |      21 |       0 |   0.0
        D:2 |      17 |       0 |   0.0 |      12 |       0 |   0.0
        D:3 |     132 |       0 |   0.0 |      24 |       0 |   0.0
        D:4 |     301 |       0 |   0.0 |      16 |       0 |   0.0
        D:5 |     756 |     166 |  18.0 |      16 |       5 |  23.8
        D:6 |     314 |       0 |   0.0 |       8 |       0 |   0.0
            +---------+---------+-------+---------+---------+-------
